 Dungeon Crawl Stone Soup version 0.30-a0-793-g160f7cfddd (webtiles) character file.

Game seed: 16131596322273441449

123 NotreDorf the Magician (level 4, 0/33 HPs)
             Began as a Mummy Hedge Wizard on Feb 19, 2023.
             Killed from afar by an orc wizard (7 damage)
             ... with a magic dart
             ... on level 3 of the Dungeon.
             The game lasted 00:09:59 (2356 turns).

NotreDorf the Magician (Mummy Hedge Wizard)         Turns: 2356, Time: 00:10:00

Health: 0/33       AC:  3    Str: 13    XL:     4   Next: 80%
Magic:  4/10       EV: 12    Int: 15    God:
Gold:   156        SH:  0    Dex: 17    Spells: 6/12 levels left

rFire   x . .      SeeInvis .    i - +1 short sword (venom)
rCold   + . .      Faith    +    (no shield)
rNeg    + + +      Spirit   .    b - +0 robe
rPois   ∞          Reflect  .    g - +0 helmet
rElec   .          Harm     .    (no cloak)
rCorr   .          Rampage  .    (no gloves)
Will    .....                    (no boots)
Stlth   ++                       (no amulet)
HPRegen 0.25/turn                e - +6 ring of dexterity
MPRegen 0.12/turn                (no ring)

@: no status effects
A: cold resistance 1, negative energy resistance 3, torment resistance 2, heat
vulnerability 1, in touch with death 1, no potions, faith
a: no special abilities


You were on level 3 of the Dungeon.
You visited 1 branch of the dungeon, and saw 3 of its levels.

You collected 156 gold pieces.

Inventory:

Hand Weapons
 i - a +1 short sword of venom (weapon)
Armour
 b - a +0 robe (worn)
 g - a +0 helmet (worn)
Jewellery
 e - a +6 ring of dexterity (left hand)
Scrolls
 d - a scroll of enchant weapon {unknown}
 f - a scroll of identify {unknown}
 h - a scroll of vulnerability {unknown}


   Skills:
 + Level 2.1 Fighting
 + Level 2.0 Dodging
 - Level 1.5 Stealth
 + Level 4.9 Spellcasting
 + Level 2.0 Conjurations
 - Level 0.7 Summonings
 - Level 0.7 Translocations
 + Level 0.7 Poison Magic


You had 6 spell levels left.
You knew the following spells:

 Your Spells              Type           Power      Damage    Failure   Level
a - Magic Dart            Conj           36%        1d4       7%          1
b - Blink                 Tloc           10%        N/A       19%         2
c - Mephitic Cloud        Conj/Pois/Air  6%         N/A       34%         3

Your spell library contained the following spells:

 Spells                   Type           Power      Damage    Failure   Level
 Slow                     Hex            12%        N/A       17%         1
 Call Imp                 Summ           5%         N/A       19%         2
 Cigotuvi's Dreadful Rot  Necr/Pois/Air  12%        N/A       22%         2
 Dispel Undead            Necr           5%         3d7       86%         4
 Death Channel            Necr           2%         N/A       100%        6


Dungeon Overview and Level Annotations

Branches:
Dungeon (3/15)

Altars:
Fedhas
Gozag
Trog

Shops:
D:1 =(


Innate Abilities, Weirdness & Mutations

You are immune to poison.
Your flesh is cold resistant. (rC+)
You are immune to negative energy. (rN+++)
You are immune to unholy pain and torment.
You are vulnerable to heat. (rF-)
You are in touch with the powers of death.
You do not drink.
You have a special connection with the divine. (Faith)


Message History

Confirm with . or Enter, or press ? or * to list all spells.
The spell is quite dangerous to miscast (36% risk of failure)!
Continue anyway?
Aiming: Mephitic Cloud (quite dangerous; 36% risk of failure)
Press: ? - help, Shift-Dir - straight line, f - orc priest
Aim: an orc priest, wielding a +0 mace (chance to affect: 86%)
The ball explodes into a vile cloud!
The stinking cloud engulfs the orc priest but does no damage.
The stinking cloud engulfs the orc wizard but does no damage.
The stinking cloud engulfs you but does no damage.
The orc priest is engulfed in noxious fumes.
The orc priest invokes the aid of Beogh against you.
Beogh smites you!
The orc wizard mumbles some strange words.
The orc wizard flickers and vanishes!
Deactivating autopickup; reactivate with Ctrl-A.
You hit the orc priest.
The orc priest is poisoned.
The orc priest is moderately wounded.
The orc priest is engulfed in noxious fumes.
The orc priest appears confused.
The orc priest hits you with a +0 mace.
The orc priest hits itself with a +0 mace!
Something hits you.
You hit the orc priest.
The orc priest looks as sick as possible!
The orc priest is almost dead.
Something hits you.
You hit the orc priest.
You kill the orc priest!
Something hits you.
* * * LOW HITPOINT WARNING * * *
Your Dodging skill increases to level 2!
Your Conjurations skill increases to level 2!
Found a dagger.
Something hits you but does no damage.
Items here: ! )) [.
You hit something. Something hits you.
* * * LOW HITPOINT WARNING * * *
You closely miss something.
You hear some strange, mumbled words.
A magic dart appears from out of thin air!
The magic dart hits you!
You die...

+# ### ## #.# ..)
.#...... ##.## .. ##.
..... #.... ..#.. .....
##..!. .#.## .... #.....
... #..# #..... #{#
#..#####..... #@#
#.†.....#....
..####.#####.####.#...†
.....)...)..............
........######.###.##..#
........# ##.....#....
........# #...........
........# #...........
........# #......<....
........# #...........


There were no monsters in sight!

Vanquished Creatures
  2 orc priests (D:3)
  An adder (D:2)
  2 dart slugs (D:2)
  An orc (D:3)
  2 endoplasms (D:1)
  2 goblins
  7 hobgoblins
  6 jackals
  4 kobolds
  4 quokkas
  6 ball pythons
  4 bats
  3 frilled lizards
  5 rats
49 creatures vanquished.

Notes
Turn   | Place    | Note
-------+----------+-------------------------------------------
     0 | D:1      | NotreDorf the Mummy Hedge Wizard began the quest for the
                  | Orb.
     0 | D:1      | Reached XP level 1. HP: 13/13 MP: 5/5
   146 | D:1      | Reached skill level 1 in Conjurations
   189 | D:1      | Found Iwker's Antique Weapon Shoppe.
   192 | D:1      | You fall into a shaft and drop 1 floor!
   333 | D:1      | Reached XP level 2. HP: 18/20 MP: 1/7
   541 | D:1      | Reached skill level 1 in Fighting
   801 | D:1      | Found Rumir's Jewellery Emporium.
   910 | D:1      | Learned a level 2 spell: Blink
   964 | D:2      | Gained mutation: You are in touch with the powers of death.
                  | [Mummy growth]
   964 | D:2      | Reached XP level 3. HP: 22/26 MP: 0/9
  1100 | D:2      | Found a faded altar of an unknown god.
  1978 | D:2      | Learned a level 3 spell: Mephitic Cloud
  2128 | D:3      | Found a blossoming altar of Fedhas.
  2133 | D:3      | Found a bloodstained altar of Trog.
  2133 | D:3      | Found an opulent altar of Gozag.
  2350 | D:3      | Reached XP level 4. HP: 33/33 MP: 6/10
  2356 | D:3      | Killed from afar by an orc wizard

Illustrated notes

Levels and vault maps discovered:
D:1:      tarquinn_simple_flora_water_c, layout_rooms, serial_shops,
          nicolae_lakefront_shop, shop
D:2:      layout_loops_ring, hellmonk_ecumenical_altar_pennies_from_heaven
D:3:      layout_basic, grunt_temple_overflow_open

Skill      XL: |  1  2  3  4 |
---------------+-------------+-----
Conjurations   | 1 2 |  2.0
Fighting       | 1 2 |  2.1
Dodging        | 2 |  2.0
Stealth        | |  1.5
Spellcasting   | |  4.9
Summonings     | |  0.7
Translocations | |  0.7
Poison Magic   | |  0.7

Action                     |  1- 3 |  4- 6 || total
---------------------------+-------+-------++-------
  Melee: Dagger            |    54 |       ||    54
         Punch             |     2 |       ||     2
         Short sword       |    12 |     5 ||    17
   Cast: Magic Dart        |   115 |       ||   115
         Mephitic Cloud    |     1 |     1 ||     2
   Stab: Confused          |     1 |       ||     1
 Armour: Robe              |    20 |     1 ||    21
  Dodge: Dodged            |    59 |       ||    59

Table legend: (Time is in decaauts)
 A = Elapsed time spent in this place.
 B = Non-inter-level travel time spent in this place.
 C = Inter-level travel time spent in this place.
 D = Time resting spent in this place.
 E = Time spent auto-exploring this place.
 F = Levels seen in this place.
 G = Mean time per level.
                   A        B        C        D        E       F      G
               +--------+--------+--------+--------+--------+-----+--------+
         Total |   2356 |   2317 |     39 |     51 |   1883 |   3 |  785.3 |
       Dungeon |   2356 |   2317 |     39 |     51 |   1883 |   3 |  785.3 |
               +--------+--------+--------+--------+--------+-----+--------+

Top non-repeatable levels by time:
     D:2: 1059 daAuts
     D:1: 935 daAuts
     D:3: 361 daAuts
